 Dungeon Crawl Stone Soup version 0.30.1-11-g7821555f0a (webtiles) character file.

Game seed: 6302382540086780020

766 SacredBeard the Grave Robber (level 7, -1/55 HPs)
             Began as a Demonspawn Necromancer on Nov 17, 2023.
             Slain by an orc warrior
             ... wielding a +0 scimitar
              (12 damage)
             ... on level 6 of the Dungeon.
             The game lasted 00:15:22 (5145 turns).

SacredBeard the Grave Robber (DsNe)                 Turns: 5145, Time: 00:15:23

Health: -1/55      AC: 10    Str:  8    XL:     7   Next: 52%
Magic:  8/10       EV: 17    Int: 17    God:
Gold:   234        SH:  0    Dex: 15    Spells: 9/10 levels left

rFire   . . .        A - +0 short sword (speed)
rCold   . . .        (no shield)
rNeg    . . .        w - +0 ring mail
rPois   .            j - +0 helmet
rElec   .            n - +0 cloak
rCorr   +            (no gloves)
SInv    .            f - +2 pair of boots {Fly}
Will    +....        s - amulet of magic regeneration
Stlth   ++           m - ring of willpower
HPRegen 0.29/turn    E - ring of resist corrosion
MPRegen 0.52/turn

%: no passive effects
@: agile, flying
A: repulsion field 1, demonic guardian 1, powered by pain 1
a: no special abilities


You were on level 6 of the Dungeon.
You visited 1 branch of the dungeon, and saw 6 of its levels.
You also visited: Sewer.

You collected 234 gold pieces.

Inventory:

Hand Weapons
 u - a +0 falchion
 A - a +0 short sword of speed (weapon)
Missiles
 g - 27 stones
 r - 19 poisoned darts
 x - 6 boomerangs
Armour
 f - a +2 pair of boots of flying (worn)
 i - a scarf of invisibility
 j - a +0 helmet (worn)
 n - a +0 cloak (worn)
 w - a +0 ring mail (worn)
Jewellery
 m - a ring of willpower (left hand)
 s - an amulet of magic regeneration (around neck)
 E - a ring of resist corrosion (right hand)
Wands
 y - a wand of flame (18)
Scrolls
 a - a scroll of fog {unknown}
 d - 4 scrolls of identify {unknown}
 e - 3 scrolls of poison {unknown}
 h - 4 scrolls of immolation {unknown}
 p - a scroll of magic mapping {unknown}
 q - a scroll of brand weapon {unknown}
 t - a scroll of teleportation {unknown}
 v - a scroll of blinking {unknown}
 z - a scroll of enchant weapon {unknown}
 C - a scroll of fear {unknown}
 D - 2 scrolls of noise {unknown}
Potions
 b - 2 potions of magic
 c - 2 potions of brilliance {unknown}
 k - a potion of lignification {unknown}
 l - 3 potions of heal wounds {unknown}
 o - 2 potions of curing {unknown}
 B - 2 potions of haste {unknown}


   Skills:
 * Level 4.3 Fighting
 - Level 2.0 Throwing
 - Level 2.0 Armour
 - Level 2.0 Dodging
 - Level 3.0 Stealth
 - Level 2.0 Spellcasting
 - Level 6.0 Necromancy
 + Level 3.7 Evocations


You had 9 spell levels left.
You knew the following spells:

 Your Spells              Type           Power      Damage    Failure   Level
a - Necrotise             Necr           88%        1d8       4%          1

Your spell library contained the following spells:

 Spells                   Type           Power      Damage    Failure   Level
 Vampiric Draining        Necr           22%        2d7       14%         3
 Animate Dead             Necr           22%        N/A       43%         4
 Agony                    Necr           22%        N/A       80%         5


Dungeon Overview and Level Annotations

Branches:
Dungeon (6/15) Zot: 26983   Sewer (visited)
 Temple: D:4-7

Altars:
Uskayaw


Innate Abilities, Weirdness & Mutations

You are surrounded by a mild repulsion field. (EV +2)
A weak demonic guardian rushes to your aid.
You sometimes gain a little power by taking damage.


Message History

You can't see any susceptible monsters within range! (Use Z to cast anyway.)
You can't see any susceptible monsters within range! (Use Z to cast anyway.)
You can't see any susceptible monsters within range! (Use Z to cast anyway.)
You can't see any susceptible monsters within range! (Use Z to cast anyway.)
You can't see any susceptible monsters within range! (Use Z to cast anyway.)
Found a flail.
An orc comes into view. It is wielding a +0 dagger.
The orc priest writhes in agony.
The orc priest writhes in agony!
The orc warrior barely resists.
The orc warrior barely resists.
An orc comes into view. It is wielding a +0 mace.
The orc warrior barely resists.
The orc warrior barely resists.
The orc priest miscasts a cantrip.
The orc warrior hits you with a +0 scimitar.
The orc warrior writhes in agony.
The orc warrior hits you but does no damage.
The orc warrior writhes in agony.
The orc warrior hits you with a +0 scimitar!
The orc warrior writhes in agony.
The orc warrior hits you with a +0 scimitar!
You focus on the pain.
You feel agile all of a sudden.
You are too injured to fight recklessly!
You are too injured to fight recklessly!
You are too injured to fight recklessly!
The orc warrior attacks as you move away!
The orc warrior hits you with a +0 scimitar!
The orc priest calls down the wrath of Beogh upon you.
Beogh smites you!
* * * LOW HITPOINT WARNING * * *
A demonic guardian appears!
The orc warrior attacks as you move away!
The orc warrior completely misses you.
Your shadow imp hits the orc warrior but does no damage.
There is a stone staircase leading up here.
Your shadow imp hits the orc warrior but does no damage.
The orc warrior hits you with a +0 scimitar!
You die...

#.. ... #.# #o#
#o# #.#
#######o#####.#
......5o......#
.......@#######
#########


You could see an orc warrior (ally target), an orc priest, 2 orcs and a friendly
shadow imp (summoned).

Vanquished Creatures
  A water moccasin (D:5)
  A phantom (D:5)
  A kobold brigand (Sewer)
  2 hounds (D:5)
  An orc priest (D:3)
  A sleepcap (D:5)
  Natasha (twice) (D:3)
  An orc wizard (D:5)
  7 adders
  4 river rats (Sewer)
  A worm (D:3)
  A dart slug (D:2)
  12 orcs
  7 ball pythons
  7 bats
  2 endoplasms
  3 giant cockroaches (D:1)
  5 hobgoblins
  8 jackals
  5 quokkas
  12 frilled lizards
  3 goblins
  5 kobolds
  7 rats
99 creatures vanquished.

Vanquished Creatures (collateral kills)
  A kobold brigand (Sewer)
  A jelly (D:5)
  Natasha (D:3)
  A worm (D:5)
  A hobgoblin (D:3)
  A jackal (Sewer)
  3 frilled lizards
  A kobold (D:1)
  2 rats
12 creatures vanquished.

Grand Total: 111 creatures vanquished

Notes
Turn   | Place    | Note
-------+----------+-------------------------------------------
     0 | D:1      | SacredBeard the Demonspawn Necromancer began the quest for
                  | the Orb.
     0 | D:1      | Reached XP level 1. HP: 13/13 MP: 3/3
   198 | D:1      | Gained mutation: You are surrounded by a mild repulsion
                  | field. (EV +2) [demonic ancestry]
   198 | D:1      | Reached XP level 2. HP: 20/20 MP: 1/5
   776 | D:1      | Reached skill level 1 in Fighting
  1163 | D:2      | Reached skill level 1 in Armour
  1163 | D:2      | Gained mutation: A weak demonic guardian rushes to your
                  | aid. [demonic ancestry]
  1163 | D:2      | Reached XP level 3. HP: 26/26 MP: 1/6
  2214 | D:3      | Gained mutation: You sometimes gain a little power by
                  | taking damage. [demonic ancestry]
  2214 | D:3      | Reached XP level 4. HP: 32/32 MP: 4/7
  2379 | D:3      | Found a faded altar of an unknown god.
  2436 | D:3      | Noticed Natasha
  2443 | D:3      | Killed Natasha
  2444 | D:3      | Reached skill level 1 in Throwing
  2608 | D:3      | Noticed Natasha
  2623 | D:3      | Reached skill level 5 in Necromancy
  2626 | D:3      | Killed Natasha
  2627 | D:3      | Reached skill level 1 in Evocations
  2627 | D:3      | Reached XP level 5. HP: 13/38 MP: 3/8
  3050 | D:3      | Noticed Natasha
  3057 | D:3      | Killed Natasha
  3250 | D:4      | Noticed a steam dragon
  3259 | D:5      | Entered Level 5 of the Dungeon
  3260 | D:5      | Found a hide-covered altar of Uskayaw.
  3263 | D:5      | Noticed a +0 hand axe
  3263 | D:5      | Noticed a +0 dagger
  3337 | D:5      | Noticed a phantom
  3447 | D:5      | Found a glowing drain.
  3464 | Sewer    | Entered a sewer
  3525 | Sewer    | Reached XP level 6. HP: 44/44 MP: 7/9
  4422 | D:5      | Noticed a water moccasin
  4433 | D:5      | Killed a water moccasin
  4434 | D:5      | Reached skill level 6 in Necromancy
  4434 | D:5      | Reached XP level 7. HP: 25/52 MP: 4/10
  5145 | D:6      | Slain by an orc warrior

Illustrated notes

Levels and vault maps discovered:
D:1:      evilmike_arrival_plus, layout_loops_ring
D:2:      layout_basic, grunt_decor_cap, nicolae_eternal_life
D:3:      layout_basic, hellmonk_ecumenical_altar_arch_garden, uniq_natasha
D:4:      layout_basic, minmay_temple_entry_glass, uniq_grinder
D:5:      layout_loops_ring, dancing_weapons_uskayaw,
          cheibrodos_sewer_entry_bend, serial_co_window_serial,
          co_window_paths_a, co_window_paths_b, co_window_paths_a,
          co_window_of_opportunity_a, co_window_corner_a, co_window_paths_b,
          co_window_paths_b, co_window_paths_b, co_window_corner_a,
          co_window_corner_ca, co_window_broadway_c, co_window_of_opportunity_c,
          co_window_corner_cb, co_window_paths_e, co_window_4corner_a,
          glass_columns_c, glass_columns_b, glass_columns_b, glass_columns_a,
          kennysheep_generic_room_15
D:6:      layout_loops_ring, mainiacjoe_overflow_swirl, old_standard_altar,
          dk_vineyard_1, kennysheep_small_square

Skill      XL: |  1  2  3  4  5  6  7 |
---------------+----------------------+-----
Stealth        | 2 3 |  3.0
Dodging        | 2 |  2.0
Fighting       | 1 2 3 4 |  4.3
Armour         | 1 2 |  2.0
Throwing       | 1 2 |  2.0
Necromancy     | 5 6 |  6.0
Evocations     | 1 3 |  3.7
Spellcasting   | |  2.0

Action                     |  1- 3 |  4- 6 |  7- 9 || total
---------------------------+-------+-------+-------++-------
  Melee: Unarmed           |     8 |       |       ||     8
         Dagger            |     5 |       |       ||     5
         Long sword        |       |     5 |       ||     5
         Short sword       |       |       |    39 ||    39
         Punch             |       |       |     1 ||     1
  Throw: Stone             |     2 |     6 |       ||     8
   Cast: Necrotise         |    73 |   146 |    24 ||   243
 Armour: Leather armour    |     5 |     3 |       ||     8
         Ring mail         |       |    12 |    16 ||    28
  Dodge: Dodged            |    21 |    32 |    12 ||    65
